Map: Dusk Towers

Players

supmax

  • Race: Zerg Zerg
  • League: Gold

SticklerMac - Winner!

  • Race: Zerg Zerg
  • League: Platinum

VOD

Have the link to the VOD?

Description

Time

  • Played on: Nov. 10, 2015, 8:09 p.m.
  • Length: 7:41
Show
View Real Time Build Order
Export as new Build Order

supmax Zerg 

Build Orders: Pool First 

Get SALT Encoding   

  12  0:01  Drone  
  13  0:09  Drone  
  14  0:17  Overlord  
  14  0:31  Extractor  
  13  0:37  Spawning Pool  
  13  0:40  Drone  
  14  0:57  Drone  
  14  1:13  Overlord  
  14  1:20  Drone  
  15  1:51  Hatchery  
  15  1:53  Zergling x6  
  17  2:05  Zergling x2  
  17  2:18  Queen  
  17  2:20  Metabolic Boost  
  19  2:28  Zergling x2  
  20  2:30  Zergling x2  
  21  2:43  Drone  
  22  3:11  Zergling x4  
  22  3:12  Zergling x4  
  23  3:17  Drone, Queen  
  26  3:28  Drone x2  
  28  3:35  Drone x2  
  28  3:41  Baneling Nest  
  29  3:51  Zergling x2  
  29  3:53  Drone  
  29  4:04  Drone x3  
  29  4:05  Drone x2  
  34  4:12  Zergling x4  
  32  4:38  Baneling  
  32  4:40  Zergling x8  
  32  4:44  Overlord  
  32  4:56  Zergling x8  
  36  5:00  Baneling x2  
  36  5:04  Spine Crawler  
  36  5:05  Zergling x4  
  37  5:08  Drone  
  37  5:09  Drone  
  39  5:14  Spine Crawler  
  37  5:29  Zergling x12  
  38  5:36  Baneling  
  38  5:37  Zergling x2  
  38  5:38  Zergling x2  
  39  5:53  Drone x4  
  39  5:55  Lair  
  43  5:57  Drone  
  43  5:58  Extractor  
  42  6:22  Drone  
  42  6:23  Overlord x2  
  43  6:30  Baneling  
  43  6:33  Overlord  
  43  6:34  Overlord  
  43  6:39  Spine Crawler  
  42  6:40  Overlord, Extractor  
  42  6:42  Extractor  
  42  6:43  Baneling  
  24  7:09  Zergling x2  
  24  7:10  Zergling x6  
  26  7:22  Zergling x2  
  27  7:23  Zergling x4  
  27  7:24  Zergling x2  
  29  7:31  Spine Crawler  
Show
View Real Time Build Order
Export as new Build Order

SticklerMac Zerg - Winner!

Build Orders: Hatch First 

Get SALT Encoding   

  12  0:01  Drone  
  13  0:08  Drone  
  14  0:17  Overlord  
  14  0:35  Drone x3  
  17  0:58  Hatchery, Drone  
  17  1:01  Drone  
  18  1:05  Extractor  
  17  1:27  Spawning Pool  
  17  1:31  Drone x3  
  19  1:44  Drone  
  20  2:08  Overlord  
  20  2:14  Zergling x4  
  22  2:17  Metabolic Boost  
  22  2:18  Queen x2  
  22  2:21  Zergling x2  
  27  2:26  Drone  
  27  2:29  Drone  
  29  2:35  Baneling Nest  
  28  2:37  Drone  
  28  2:40  Drone  
  30  2:55  Zergling x6  
  32  3:06  Zergling x2  
  32  3:07  Zergling x2  
  32  3:18  Zergling x4  
  32  3:28  Zergling x4  
  32  3:31  Baneling x2  
  32  3:33  Baneling x4  
  34  3:34  Zergling x2  
  34  3:36  Baneling  
  34  3:37  Zergling x2  
  36  3:51  Overlord  
  36  3:52  Overlord x2  
  37  4:12  Zergling x10  
  41  4:41  Queen  
  41  4:42  Zergling x8  
  41  4:43  Zergling x4  
  37  4:54  Zergling x2  
  37  4:55  Zergling x6  
  40  5:03  Baneling x5  
  40  5:05  Zergling x4  
  40  5:06  Queen  
  44  5:16  Zergling x8  
  46  5:36  Zergling x10  
  46  5:42  Zergling x2  
  46  5:46  Zergling x2  
  42  5:53  Baneling x3  
  42  6:03  Zergling x10  
  42  6:04  Zergling x4  
  48  6:15  Zergling x4  
  50  6:30  Zergling x4  
  50  6:32  Baneling x4  
  52  6:33  Baneling x7  
  52  6:36  Zergling x4  
  52  6:38  Hatchery  
  50  7:07  Zergling x10  
  50  7:22  Zergling x2  
  49  7:23  Zergling x12  
Tags
 
Add a new tag
Caveats
  • Supply blocks, unpowered buildings, or Contaminate may cause inaccurate times.
  • Supply counts are checked every 10 seconds.